[Event "Titled Tuesday Blitz July 05 Late 2022"]
[White "Premnath, R."]
[Black "Bernal Moro, Luis Javier"]
[WhiteFideId "5021928"]
[BlackFideId "2200236"]
[WhiteElo "2598"]
[BlackElo "2376"]
[Result "1-0"]
[Round "11"]
[TimeControl "180+1"]
[Date "2022.07.06"]
[WhiteClock "0:00:10"]
[BlackClock "0:00:03"]

1. d4 Nf6 2. c4 g6 3. Nc3 Bg7 4. Nf3 O-O 5. e4 d6 6. Be2 e5 7. O-O Qe8 8. d5 a5 9. Ne1 Na6 10. Nd3 Nd7 11. Bg4 f5 12. Bh3 Ndc5 13. exf5 gxf5 14. f3 Qg6 15. Nf2 Bd7 16. a3 a4 17. Qc2 Nb3 18. Rb1 Nac5 19. Be3 Rae8 20. Rbe1 Kh8 21. Kh1 e4 22. fxe4 f4 23. Bxc5 Bxh3 24. Nxh3 Nxc5 25. Rxf4 Be5 26. Rf5 Bxc3 27. Qxc3+ Qg7 28. Rxf8+ Rxf8 29. Qxg7+ Kxg7 30. Kg1 b5 31. cxb5 Rb8 32. e5 Rxb5 33. e6 Kf8 34. Ng5 Nd3 35. Rf1+ Ke8 36. Nxh7 Rxb2 37. Rf8+ Ke7 38. Rf7+ Kd8 39. e7+ Ke8 40. Nf6+ Kxf7 41. e8=Q+ Kxf6 42. Qh8+ Kg5 43. Qg7+ Kf4 44. Qd4+ Kg5 45. Qxd3 Rb1+ 46. Qxb1 1-0


[Site "https://www.chess.com"]

[Event "Titled Tuesday Blitz July 05 Late 2022"]
[White "Preotu, Razvan"]
[Black "Domingo Nunez, Alejandro"]
[WhiteFideId "2613280"]
[BlackFideId "22245561"]
[WhiteElo "2407"]
[BlackElo "2222"]
[Result "1-0"]
[Round "11"]
[TimeControl "180+1"]
[Date "2022.07.05"]
[WhiteClock "0:00:20"]
[BlackClock "0:00:08"]

1. e4 g6 2. d4 Bg7 3. Nc3 c6 4. Be3 d5 5. e5 Nh6 6. f4 f6 7. Qd2 Ng4 8. O-O-O O-O 9. Kb1 Bh6 10. g3 Qb6 11. Nf3 Nxe3 12. Qxe3 Bg4 13. Be2 Bxf3 14. Bxf3 fxe5 15. Qxe5 Bg7 16. Qxe7 Na6 17. Na4 Qb5 18. Qa3 Rae8 19. Qb3 Qxb3 20. axb3 Re3 21. Bg4 h5 22. Bh3 Rfe8 23. c3 Nc7 24. Nc5 Nb5 25. Nxb7 Rb8 26. Nc5 Nd6 27. Rhe1 Rbe8 28. Be6+ R3xe6 29. Nxe6 Ne4 30. Nc5 1-0


[Site "https://www.chess.com"]

[Event "Titled Tuesday Blitz July 05 Late 2022"]
[White "Riehle, Marco"]
[Black "Wieczorek, Oskar"]
[WhiteFideId "12904392"]
[BlackFideId "1133950"]
[WhiteElo "2462"]
[BlackElo "2330"]
[Result "1-0"]
[Round "11"]
[TimeControl "180+1"]
[Date "2022.07.05"]
[WhiteClock "0:00:13"]
[BlackClock "0:00:01"]

1. e4 c5 2. a3 g6 3. h4 h5 4. Nc3 Bg7 5. Bc4 Nc6 6. d3 d6 7. Nf3 Bg4 8. Bg5 Nf6 9. Qd2 a6 10. O-O-O e6 11. Rde1 Bxf3 12. gxf3 Nd4 13. Qe3 b5 14. Ba2 Qc7 15. f4 Ng4 16. Qd2 b4 17. axb4 cxb4 18. Ne2 b3 19. Bb1 bxc2 20. Ba2 Rb8 21. Nxd4 Bxd4 22. b3 Qc5 23. Qxc2 Qa3+ 24. Kd2 O-O 25. Rc1 Bxf2 26. f5 exf5 27. exf5 Rfe8 28. fxg6 Qa5+ 29. b4 Qxb4+ 30. Qc3 Qb2+ 31. Rc2 Qxc3+ 32. Kxc3 Rbc8+ 33. Kb4 Rxc2 34. gxf7+ Kf8 35. fxe8=Q+ Kxe8 36. Bc4 Ne5 37. Bxa6 Bd4 38. Bb5+ Kf7 39. Rf1+ Ke6 40. Rf6+ Kd5 41. Rf5 Rb2+ 42. Ka4 Kc5 43. Be8 Ra2+ 44. Kb3 Rb2+ 45. Ka4 Ra2+ 46. Kb3 Rb2+ 47. Ka3 Rb8 48. Bxh5 Ra8+ 49. Kb3 Rb8+ 50. Kc2 Rb2+ 51. Kc1 Kb4 52. Bd2+ Kb3 53. Bf7+ Ka3 54. Bc4 Ra2 55. Bxa2 Nxd3+ 56. Kc2 1-0


[Site "https://www.chess.com"]

[Event "Titled Tuesday Blitz July 05 Late 2022"]
[White "Romero Ruscalleda, Josep"]
[Black "Leisch, Lukas"]
[WhiteFideId "2231859"]
[BlackFideId "1632094"]
[WhiteElo "2368"]
[BlackElo "2216"]
[Result "0-1"]
[Round "11"]
[TimeControl "180+1"]
[Date "2022.07.06"]
[WhiteClock "0:00:16"]
[BlackClock "0:00:08"]

1. e4 e6 2. d4 d5 3. e5 c5 4. c3 Nc6 5. Be3 Nh6 6. Nf3 Nf5 7. Bd3 cxd4 8. cxd4 Bb4+ 9. Nc3 Nxe3 10. fxe3 f5 11. exf6 gxf6 12. O-O Qe7 13. Rc1 Bd7 14. Rf2 O-O-O 15. e4 dxe4 16. Nxe4 Kb8 17. a3 Bd6 18. Bc4 Rhg8 19. d5 Bf4 20. dxc6 Bxc6 21. Ned2 Be3 22. Qe2 Qc5 23. b4 Rxd2 24. bxc5 Rxe2 25. Bxe2 Bxc1 26. Rf1 Bxa3 27. Re1 Bxc5+ 28. Kf1 e5 29. Bd3 h5 30. Bh7 Rg7 31. Bf5 Kc7 32. Nh4 Bd7 33. g3 Bxf5 34. Nxf5 Rd7 35. Rb1 Kc6 36. Kg2 b5 37. h3 a5 38. g4 hxg4 39. hxg4 a4 40. Ng3 b4 41. Ne4 a3 42. Nxf6 Rd2+ 43. Kf3 a2 44. Ra1 Bd4 45. Rxa2 Rxa2 46. g5 b3 47. Ne4 b2 48. Nd2 Ra1 49. g6 b1=Q 50. Nxb1 Rxb1 51. Ke4 Rg1 52. Kf5 Rxg6 53. Kxg6 e4 54. Kf5 e3 55. Ke4 e2 56. Kxd4 e1=Q 57. Kd3 Qe5 58. Kc4 Qf4+ 59. Kd3 Kc5 60. Ke2 Qg3 61. Kd2 Kd4 62. Ke2 Qg2+ 63. Kd1 Kc3 64. Kc1 Qf1# 0-1


[Site "https://www.chess.com"]

[Event "Titled Tuesday Blitz July 05 Late 2022"]
[White "Rosen, Eric"]
[Black "Omariev, Maksim"]
[WhiteFideId "2032562"]
[BlackFideId "4193423"]
[WhiteElo "2362"]
[BlackElo "2461"]
[Result "0-1"]
[Round "11"]
[TimeControl "180+1"]
[Date "2022.07.05"]
[WhiteClock "0:00:03"]
[BlackClock "0:00:04"]

1. d4 h5 2. e4 h4 3. Nc3 c6 4. Bd3 d5 5. e5 h3 6. g3 Nh6 7. f4 Bg4 8. Nce2 e6 9. c3 c5 10. Be3 Qb6 11. b3 Nc6 12. Qd2 Rc8 13. Rb1 Be7 14. Kf2 Nf5 15. Nf3 O-O 16. Rhd1 Rc7 17. a3 a5 18. Rb2 Rfc8 19. Bb1 Nxe3 20. Qxe3 cxd4 21. cxd4 Bxa3 22. Ra2 Be7 23. Ra1 Nb4 24. f5 exf5 25. Qf4 Nc2 26. Bxc2 Rxc2 27. Rab1 Qb5 28. Rd2 Rxd2 29. Qxd2 Bb4 30. Qe3 Rc2 31. Ng1 Bd2 0-1


[Site "https://www.chess.com"]

[Event "Titled Tuesday Blitz July 05 Late 2022"]
[White "Salem, A.R. Saleh"]
[Black "Swiercz, Dariusz"]
[WhiteFideId "9301348"]
[BlackFideId "1126881"]
[WhiteElo "2679"]
[BlackElo "2627"]
[Result "1-0"]
[Round "11"]
[TimeControl "180+1"]
[Date "2022.07.05"]
[WhiteClock "0:00:12"]
[BlackClock "0:00:07"]

1. d4 Nf6 2. c4 g6 3. Nc3 Bg7 4. e4 d6 5. h3 e5 6. d5 a5 7. g4 Na6 8. Nge2 Nc5 9. Qc2 h5 10. g5 Nh7 11. h4 f6 12. gxf6 Bxf6 13. Be3 b6 14. O-O-O Bg4 15. Bg2 Qe7 16. f3 Bd7 17. Bf2 O-O 18. Kb1 Bg7 19. Rdg1 Rf7 20. Be3 Raf8 21. Rf1 Kh8 22. b3 Bf6 23. Bf2 Bg7 24. Qd2 Rb8 25. Nb5 Qf8 26. Nec3 Bh6 27. Qe2 Rc8 28. Kc2 Bf4 29. Bh3 Bxh3 30. Rxh3 Nf6 31. Rg1 Kh7 32. Rg2 Qh6 33. Rh1 Rcf8 34. Rhg1 Rg8 35. a3 Qf8 36. b4 Na6 37. Kb3 Qd8 38. Qd3 Qd7 39. Rh1 Bh6 40. Be1 Rgf8 41. Rhg1 Rg8 42. Rh1 Rgf8 43. Rg3 Ng8 44. Rhg1 Ne7 45. Ne2 Rf6 46. Nbc3 Qc8 47. Na4 Qb7 48. Nec3 axb4 49. axb4 Nb8 50. R1g2 Nd7 51. Ra2 Ra8 52. Rgg2 Raf8 53. Rgf2 Qc8 54. Nb5 Qd8 55. Nac3 Nc8 56. Ra8 R6f7 57. Na7 Nxa7 58. Rxd8 Rxd8 59. Ra2 Nc8 60. Nb5 Rdf8 61. Rf2 Nf6 62. Bc3 Ng4 63. fxg4 Rxf2 64. gxh5 R8f3 65. hxg6+ Kg7 66. Qd1 Ne7 67. h5 Bd2 68. Qh1 Bxc3 69. Nxc3 Rg3 70. h6+ Kh8 71. g7+ Kh7 72. Qh4 Rff3 73. Qxe7 Rxc3+ 74. Ka4 Kxh6 75. Qxc7 b5+ 76. Kxb5 Rxg7 77. Qxd6+ Rg6 78. Qxe5 Rc1 79. Qf4+ 1-0


[Site "https://www.chess.com"]

[Event "Titled Tuesday Blitz July 05 Late 2022"]
[White "Sargsyan, Anna M."]
[Black "Vakhlamov, Igor L."]
[WhiteFideId "13308130"]
[BlackFideId "24126748"]
[WhiteElo "2271"]
[BlackElo "2401"]
[Result "1/2-1/2"]
[Round "11"]
[TimeControl "180+1"]
[Date "2022.07.05"]
[WhiteClock "0:00:11"]
[BlackClock "0:00:19"]

1. d4 d5 2. c4 e6 3. Nf3 Nf6 4. Nc3 c5 5. cxd5 cxd4 6. Qxd4 exd5 7. Bg5 Be7 8. e3 O-O 9. Bb5 h6 10. Bh4 Nc6 11. Bxc6 bxc6 12. O-O Be6 13. Rac1 c5 14. Qd3 g5 15. Bg3 Qb6 16. Na4 Qa5 17. b3 Rfd8 18. Ne5 Rac8 19. h4 Ne4 20. hxg5 hxg5 21. Bh2 c4 22. Qe2 Qd2 23. Qxd2 Nxd2 24. Rfd1 cxb3 25. axb3 Nxb3 26. Rb1 Nc5 27. Nc3 Bf6 28. Nb5 a6 29. Nd4 a5 30. Ndc6 Re8 31. Nxa5 Ne4 32. Rb7 Nc3 33. Re1 Rc5 34. Nac6 Rc8 35. Nd4 Ne4 36. f3 Rc1 37. Kf1 Rxe1+ 38. Kxe1 Nc5 39. Nxe6 fxe6 40. Rb5 Bxe5 41. Bxe5 Nd3+ 42. Kd2 Nxe5 43. f4 Nc4+ 44. Kd3 gxf4 45. exf4 Kf7 46. g4 Kf6 47. Rb7 Rg8 48. g5+ Kg6 49. Kd4 Kf5 50. Rf7+ Kg4 51. Rf6 Re8 52. g6 Nd6 53. Ke5 Nc4+ 54. Kd4 Re7 55. Rf7 Re8 56. g7 Rg8 57. f5 exf5 58. Kxd5 Ne3+ 59. Ke5 Kg5 60. Ke6 Kg6 61. Ke5 Rxg7 62. Rxg7+ Kxg7 63. Kf4 Kf6 64. Kxe3 Kg5 65. Kf3 Kg6 66. Kf4 Kf6 67. Kf3 Ke6 68. Kf4 Kf6 69. Kf3 Ke5 70. Ke3 f4+ 71. Kf3 Kf5 72. Kf2 Kg4 73. Kg2 Kg5 74. Kf3 Kf5 75. Kf2 Ke4 76. Ke2 f3+ 77. Kf2 Kf4 78. Kf1 Ke4 79. Kf2 Kf4 80. Kf1 Kg4 81. Kf2 Kf4 1/2-1/2


[Site "https://www.chess.com"]

[Event "Titled Tuesday Blitz July 05 Late 2022"]
[White "Shapiro, Daniel"]
[Black "Jorajuria Mendoza, Algol"]
[WhiteFideId "2001780"]
[BlackFideId "5128897"]
[WhiteElo "2289"]
[BlackElo "1600"]
[Result "0-1"]
[Round "11"]
[TimeControl "180+1"]
[Date "2022.07.06"]
[WhiteClock "0:00:09"]
[BlackClock "0:00:02"]

1. d4 Nf6 2. c4 g6 3. Nc3 Bg7 4. e4 d6 5. Be2 O-O 6. Nf3 c5 7. d5 e6 8. O-O exd5 9. cxd5 Nbd7 10. Bf4 Re8 11. Qc2 Ne5 12. Nxe5 dxe5 13. Be3 b6 14. f3 Nh5 15. Rfd1 Nf4 16. Bb5 Bd7 17. a4 a6 18. Bxd7 Qxd7 19. a5 bxa5 20. Bxc5 Rec8 21. Rxa5 Rab8 22. Be3 Qb7 23. Ra2 Bf8 24. Rda1 Ra8 25. Qd2 Bb4 26. g3 Nh5 27. Qd3 a5 28. Rd1 Rab8 29. Raa1 Nf6 30. Rac1 Nd7 31. d6 a4 32. Nxa4 Rxc1 33. Rxc1 Ra8 34. Nc3 Bc5 35. Nd5 Qxb2 36. Re1 Ra2 0-1


[Site "https://www.chess.com"]

[Event "Titled Tuesday Blitz July 05 Late 2022"]
[White "Silvestre, Christian"]
[Black "Toncheva, Nadya"]
[WhiteFideId "30956269"]
[BlackFideId "2924056"]
[WhiteElo "2362"]
[BlackElo "1888"]
[Result "0-1"]
[Round "11"]
[TimeControl "180+1"]
[Date "2022.07.06"]
[WhiteClock "0:00:09"]
[BlackClock "0:00:13"]

1. e4 Nf6 2. e5 Nd5 3. c4 Nb6 4. d4 d6 5. f4 g6 6. h3 Bg7 7. Nf3 O-O 8. Nc3 c5 9. dxc5 dxc5 10. Qxd8 Rxd8 11. Be2 Nc6 12. Ne4 Nd4 13. Nxd4 cxd4 14. Bd3 f6 15. exf6 exf6 16. O-O f5 17. Ng5 h6 18. Nf3 Nd7 19. b3 Nc5 20. Rd1 a5 21. Bb2 b6 22. Ba3 Bb7 23. Bxc5 bxc5 24. Kf2 Be4 25. Rd2 a4 26. Re1 Re8 27. Rde2 Bc6 28. Ne5 Bxe5 29. Rxe5 axb3 30. axb3 Ra2+ 31. R1e2 Rxe2+ 32. Rxe2 Kf7 33. Ra2 Re7 34. Ra6 Be4 35. Bf1 Rb7 36. Ra5 Rxb3 37. Rxc5 d3 38. Ke3 Rb2 39. Bxd3 Rb3 40. Rc7+ Ke6 41. Kf2 Rxd3 42. c5 Rc3 43. Rg7 Rc2+ 44. Ke1 Kf6 45. Rc7 Rxg2 46. c6 Rc2 47. Rd7 Rxc6 48. Rd2 Re6 49. Rb2 Bf3+ 50. Kf2 Be4 51. Kg3 g5 52. Rf2 Rc6 53. fxg5+ hxg5 54. h4 Rc3+ 55. Kh2 g4 56. Rb2 Rh3+ 57. Kg1 Rh1+ 58. Kf2 Rh2+ 59. Kg3 Rxb2 60. h5 Kg5 61. h6 f4# 0-1


[Site "https://www.chess.com"]

[Event "Titled Tuesday Blitz July 05 Late 2022"]
[White "Souleidis, Georgios"]
[Black "Manelyuk, Daniil"]
[WhiteFideId "4206827"]
[BlackFideId "44173920"]
[WhiteElo "2401"]
[BlackElo "2209"]
[Result "1-0"]
[Round "11"]
[TimeControl "180+1"]
[Date "2022.07.06"]
[WhiteClock "0:00:08"]
[BlackClock "0:00:15"]

1. e4 e6 2. d4 d5 3. exd5 exd5 4. Nf3 Bd6 5. c4 c6 6. c5 Bc7 7. Bd3 Ne7 8. Qc2 Nd7 9. Nc3 h6 10. Ne2 Nf6 11. Bf4 O-O 12. Bxc7 Qxc7 13. O-O Bg4 14. Ne5 Bxe2 15. Qxe2 Rae8 16. Qc2 Nd7 17. f4 f6 18. Ng6 Nxg6 19. Bxg6 Re3 20. Qd2 Re4 21. Bxe4 dxe4 22. b4 f5 23. d5 Nf6 24. d6 Qd7 25. g3 Nd5 26. Qd4 Re8 27. Rfe1 e3 28. Rad1 Re4 29. Qb2 Rxb4 30. Qa3 Re4 31. Qxa7 g5 32. fxg5 hxg5 33. Qa3 f4 34. Qd3 Nf6 35. Qb3+ Kh7 36. Qd3 Kh6 37. Re2 Re5 38. gxf4 gxf4 39. Rg2 Ne4 40. Rf1 Qe6 41. d7 Rd5 42. d8=Q Rxd3 43. Qxd3 f3 44. Rxf3 Nf2 45. Qxe3+ 1-0


[Site "https://www.chess.com"]

[Event "Titled Tuesday Blitz July 05 Late 2022"]
[White "Todorovic, Bojan"]
[Black "Przybylski, Wojciech"]
[WhiteFideId "917087"]
[BlackFideId "1117599"]
[WhiteElo "2266"]
[BlackElo "2133"]
[Result "0-1"]
[Round "11"]
[TimeControl "180+1"]
[Date "2022.07.06"]
[WhiteClock "0:00:19"]
[BlackClock "0:00:31"]

1. Nf3 Nf6 2. c4 c6 3. Nc3 d5 4. e3 Bg4 5. Qb3 Bxf3 6. Qxb7 Nbd7 7. gxf3 Ne5 8. cxd5 Rb8 9. Qa6 Nxf3+ 10. Kd1 Rb6 11. Qe2 Ne5 12. f4 Ned7 13. dxc6 Rxc6 14. Bg2 Rb6 15. b3 e6 16. Bb2 Bb4 17. Rg1 O-O 18. Ne4 Kh8 19. Rc1 Be7 20. Qd3 h6 21. Qd4 Rb5 22. Nc3 Rh5 23. Bc6 Bc5 24. Qa4 Nb6 25. Qxa7 Nc4 0-1


[Site "https://www.chess.com"]

[Event "Titled Tuesday Blitz July 05 Late 2022"]
[White "Urbina Perez, Juan Antonio"]
[Black "Oro, Luis"]
[WhiteFideId "2217368"]
[BlackFideId "104094"]
[WhiteElo "2192"]
[BlackElo "2378"]
[Result "1-0"]
[Round "11"]
[TimeControl "180+1"]
[Date "2022.07.06"]
[WhiteClock "0:00:55"]
[BlackClock "0:00:05"]

1. e4 c5 2. Nf3 d6 3. d4 cxd4 4. Nxd4 Nf6 5. Nc3 a6 6. Be3 e5 7. Nde2 Be7 8. f4 exf4 9. Nxf4 Nc6 10. Qd2 O-O 11. O-O-O Ng4 12. Kb1 Nxe3 13. Qxe3 Ne5 14. Nfd5 Be6 15. Be2 b5 16. Qb6 Qxb6 17. Nxb6 Rad8 18. Nbd5 Bg5 19. h4 Bh6 20. a3 g6 21. Rhg1 Bg7 22. h5 Nc4 23. Bxc4 bxc4 24. Rh1 Rb8 25. hxg6 Bxd5 26. gxh7+ Kh8 27. Nxd5 Rxb2+ 28. Kc1 Ra2 29. Kd2 Rxa3 30. Rdf1 Rg3 31. Rh2 Be5 32. Rf2 Rg7 33. Rh5 Rxh7 34. Rhf5 a5 35. Ke3 a4 36. c3 a3 37. Ra2 Ra8 38. Nb6 Ra6 39. Nxc4 Bxc3 40. Rxa3 Rxa3 41. Nxa3 Bb4 42. Nc4 Bc5+ 43. Kf3 Kg7 44. Rg5+ Kf6 45. Rg8 Rh1 46. Na5 Rf1+ 47. Kg3 Bd4 48. Nc6 Be3 49. Rg4 Ke6 50. Nb4 Bd4 51. Nd5 Be5+ 52. Kh4 f6 53. Kh5 Rh1+ 54. Kg6 Rh8 55. Ne3 Rg8+ 56. Kh5 Rh8+ 57. Kg6 Rg8+ 58. Kh7 Rxg4 59. Nxg4 d5 60. exd5+ Kxd5 61. Kg6 1-0


[Site "https://www.chess.com"]

[Event "Titled Tuesday Blitz July 05 Late 2022"]
[White "Vasquez Schroeder, Rodrigo"]
[Black "Timofeev, Artyom"]
[WhiteFideId "3400042"]
[BlackFideId "4140419"]
[WhiteElo "2567"]
[BlackElo "2578"]
[Result "1-0"]
[Round "11"]
[TimeControl "180+1"]
[Date "2022.07.05"]
[WhiteClock "0:00:56"]
[BlackClock "0:00:22"]

1. e4 c6 2. d4 d5 3. exd5 cxd5 4. Bd3 Nc6 5. c3 Qc7 6. Ne2 e6 7. Bf4 Bd6 8. Bxd6 Qxd6 9. O-O Nge7 10. Nd2 O-O 11. f4 Bd7 12. Nf3 f6 13. Qd2 Be8 14. Rae1 Bg6 15. Bxg6 Nxg6 16. g3 Rfe8 17. Rd1 b5 18. a3 a5 19. b4 axb4 20. axb4 Nge7 21. Nc1 Nf5 22. Nd3 Qe7 23. Rde1 Nd6 24. Nc5 Qf7 25. Ra1 Nc4 26. Qe2 Rxa1 27. Rxa1 e5 28. fxe5 fxe5 29. dxe5 N6xe5 30. Nxe5 Nxe5 31. Rf1 Qe7 32. Qxb5 Nc4 33. Qc6 Ne3 34. Re1 Qf7 35. Qb5 Rf8 36. Qe2 Nc4 37. Rf1 Qxf1+ 38. Qxf1 Rxf1+ 39. Kxf1 Kf7 40. Ke2 Ke7 41. Nd3 Kd6 42. Nf4 Ke5 43. Nd3+ Kd6 44. Ne1 Ke5 45. Nf3+ Kd6 46. Nd2 Ne5 47. h3 h5 48. Ke3 g5 49. Nf3 Nc4+ 50. Kd3 g4 51. hxg4 hxg4 52. Nh2 Ne5+ 53. Ke3 Ke6 54. Kd4 Kd6 55. b5 Ke6 56. Kc5 Nd7+ 57. Kc6 Ne5+ 58. Kc7 Kf5 59. b6 1-0


[Site "https://www.chess.com"]

[Event "Titled Tuesday Blitz July 05 Late 2022"]
[White "Veiga, Jose Francisco R P Neves"]
[Black "Bjelobrk, Igor"]
[WhiteFideId "1930087"]
[BlackFideId "4300726"]
[WhiteElo "2288"]
[BlackElo "2335"]
[Result "0-1"]
[Round "11"]
[TimeControl "180+1"]
[Date "2022.07.05"]
[WhiteClock "0:00:02"]
[BlackClock "0:00:10"]

1. e4 e5 2. Nf3 Nc6 3. Bb5 a6 4. Ba4 Nf6 5. O-O Be7 6. d3 b5 7. Bb3 O-O 8. a4 b4 9. Nbd2 Bc5 10. Nc4 d6 11. h3 h6 12. Be3 Bxe3 13. Nxe3 Be6 14. Qd2 Nd7 15. Bd5 Bxd5 16. exd5 Ne7 17. Qxb4 Rb8 18. Qc3 Nf6 19. d4 e4 20. Nd2 Nexd5 21. Nxd5 Nxd5 22. Qc4 Nf4 23. Qxa6 Rb6 24. Qa5 d5 25. g3 Rg6 26. Kh2 Qg5 27. Qxc7 Ne6 28. Qc3 Qh5 29. Qe3 Ng5 30. h4 Nh7 31. a5 Nf6 32. Qf4 Rg4 33. Qd6 e3 34. fxe3 Re8 35. a6 Rxe3 36. a7 Re2+ 37. Kg1 Qxh4 38. a8=Q+ Kh7 39. Rf2 Rxg3+ 40. Kf1 Rxf2+ 41. Kxf2 Qh2+ 42. Ke1 Rg1+ 43. Nf1 Qxd6 44. Qa3 Qe6+ 45. Kd2 Rg2+ 46. Kc3 Ne4+ 47. Kb4 Qb6+ 48. Ka4 Qa6+ 49. Kb4 Qc4+ 50. Ka5 Rg6 51. Qd6 Rxd6 0-1


[Site "https://www.chess.com"]

[Event "Titled Tuesday Blitz July 05 Late 2022"]
[White "Vlassov, Nikolai"]
[Black "Tanenbaum, Zachary"]
[WhiteFideId "4103360"]
[BlackFideId "2060850"]
[WhiteElo "2324"]
[BlackElo "2175"]
[Result "1-0"]
[Round "11"]
[TimeControl "180+1"]
[Date "2022.07.05"]
[WhiteClock "0:00:43"]
[BlackClock "0:00:05"]

1. e4 e5 2. Bc4 Nf6 3. d3 Nc6 4. Nf3 Be7 5. O-O O-O 6. Re1 d6 7. a4 Be6 8. Nbd2 h6 9. a5 a6 10. c3 Qd7 11. Qb3 Nh7 12. d4 Bxc4 13. Nxc4 Bf6 14. d5 Ne7 15. Be3 Ng5 16. Nfd2 Nh7 17. Nf3 Bg5 18. Nxg5 Nxg5 19. f3 f5 20. Bxg5 hxg5 21. Nxe5 dxe5 22. d6+ Kh7 23. dxe7 Qxe7 24. exf5 c6 25. Qe6 Rae8 26. Rxe5 Qxe6 27. fxe6 Kg6 28. Rae1 Re7 29. R1e4 Rd8 30. Rg4 Rd1+ 31. Kf2 Rd2+ 32. Kg3 Kf6 33. Rexg5 Rxb2 34. Rg6+ Ke5 35. Rxg7 Rxg7 36. Rxg7 Kxe6 37. h4 Rb5 38. Kg4 Rxa5 39. Rxb7 Kf6 40. Rb6 Rc5 41. Rxa6 Rc4+ 42. f4 Rxc3 43. h5 Kg7 44. Kh4 Rc4 45. Kg5 c5 46. Ra7+ Kf8 47. h6 Rc2 48. g4 Kg8 49. Kg6 Ra2 50. Rxa2 1-0


[Site "https://www.chess.com"]

[Event "Titled Tuesday Blitz July 05 Late 2022"]
[White "Vovk, Orest"]
[Black "Aloma Vidal, Robert"]
[WhiteFideId "14113490"]
[BlackFideId "2260409"]
[WhiteElo "2203"]
[BlackElo "2435"]
[Result "0-1"]
[Round "11"]
[TimeControl "180+1"]
[Date "2022.07.05"]
[WhiteClock "0:00:01"]
[BlackClock "0:00:24"]

1. h4 e5 2. h5 d5 3. h6 Nc6 4. hxg7 Bxg7 5. d3 Nge7 6. Bh6 Bxh6 7. Rxh6 Be6 8. Nc3 Nf5 9. Rh5 d4 10. Ne4 Qe7 11. c3 O-O-O 12. Qa4 Kb8 13. Nf3 Ng7 14. Rh6 f5 15. Ned2 Bd7 16. cxd4 Nxd4 17. Qd1 Nxf3+ 18. exf3 Qg5 19. Rh3 Ne6 20. Nb3 Nf4 21. Rg3 Qe7 22. Qd2 h5 23. Rc1 h4 24. Nc5 b6 25. Na6+ Kb7 26. Rxc7+ Kxa6 27. d4+ b5 28. a4 exd4+ 29. Kd1 Kb6 30. Rxa7 Kxa7 31. Qa5+ Kb7 32. axb5 Ra8 33. Qb4 Qxb4 0-1


[Site "https://www.chess.com"]

[Event "Titled Tuesday Blitz July 05 Late 2022"]
[White "Wachinger, Nikolas"]
[Black "Kosteniuk, Alexandra"]
[WhiteFideId "12962791"]
[BlackFideId "4128125"]
[WhiteElo "2253"]
[BlackElo "2469"]
[Result "0-1"]
[Round "11"]
[TimeControl "180+1"]
[Date "2022.07.05"]
[WhiteClock "0:00:03"]
[BlackClock "0:00:20"]

1. d4 Nf6 2. Nf3 e6 3. Bf4 d5 4. Nbd2 c5 5. e3 Nc6 6. c3 Bd6 7. Bg3 b6 8. Bd3 Bb7 9. O-O O-O 10. e4 Bxg3 11. hxg3 dxe4 12. Nxe4 cxd4 13. cxd4 Nb4 14. Nxf6+ Qxf6 15. Qd2 Nxd3 16. Qxd3 Bxf3 17. gxf3 Rfd8 18. Rad1 Rd5 19. f4 Rad8 20. Qa6 Qe7 21. Rd2 Rxd4 22. Rxd4 Rxd4 23. Rc1 h5 24. Qc8+ Rd8 25. Qc7 Qd7 26. Qc2 g6 27. Qc3 Qd4 28. Qc7 Qd7 29. Qe5 Rc8 30. Rxc8+ Qxc8 31. a3 Qd8 32. Qc3 Qd1+ 33. Kh2 Qd7 34. Qf6 Qe8 35. Kg2 Qf8 36. Kh2 Kh7 37. b4 a5 38. bxa5 bxa5 39. a4 Qe8 40. Kg2 Kg8 41. Qd4 Qc6+ 42. Kh2 Qd5 43. Qa7 Kg7 44. Qe3 Kh7 45. Qc3 Qd8 46. Qc5 h4 47. Kh3 hxg3 48. Kxg3 Qd3+ 49. Kg2 Qe4+ 50. Kg3 Qxa4 51. Qe7 Qb3+ 52. f3 Kg7 53. f5 exf5 54. Qe5+ Kh7 55. Qxa5 Qe3 56. Qc7 Qe6 57. Qf4 Qf6 58. Qc7 Kg7 59. Kf2 g5 60. Qd7 Kg6 61. Kg2 Qb2+ 62. Kf1 Qb1+ 63. Kg2 Qc2+ 64. Kf1 Qc1+ 65. Kg2 Qb2+ 66. Kf1 Qe5 67. Qd3 Qf4 68. Kg2 Qe5 69. Qa6+ Qe6 70. Qd3 Kh5 71. Qd1 g4 72. Qh1+ Kg5 73. fxg4 fxg4 74. Qc1+ Kg6 75. Qc2+ Qf5 76. Qc6+ f6 77. Qc7 Qe4+ 78. Kg3 Qf3+ 79. Kh2 g3+ 80. Qxg3+ Qxg3+ 81. Kxg3 Kg5 82. Kf3 Kf5 83. Kf2 Kf4 84. Ke2 Kg3 85. Ke1 f5 86. Ke2 f4 87. Kf1 Kf3 88. Ke1 Kg2 89. Kd2 f3 0-1


[Site "https://www.chess.com"]

[Event "Titled Tuesday Blitz July 05 Late 2022"]
[White "Wartiovaara, Oliver"]
[Black "Derraugh, Geordie"]
[WhiteFideId "513024"]
[BlackFideId "2603950"]
[WhiteElo "1971"]
[BlackElo "2116"]
[Result "0-1"]
[Round "11"]
[TimeControl "180+1"]
[Date "2022.07.06"]
[WhiteClock "0:00:14"]
[BlackClock "0:00:23"]

1. d4 Nf6 2. Bf4 g6 3. e3 Bg7 4. h3 O-O 5. c3 c5 6. dxc5 Ne4 7. Qd5 Nf6 8. Qf3 Na6 9. Bxa6 Qa5 10. Bxb7 Bxb7 11. Qxb7 Qxc5 12. Nf3 d6 13. Qb3 Qh5 14. Nbd2 Rab8 15. Qc2 Nd7 16. O-O e5 17. Bh2 f5 18. Nc4 Rf6 19. Rad1 Bf8 20. Rd5 Rc8 21. b3 Nc5 22. Rfd1 Ne4 23. Nfd2 Nxc3 24. g4 fxg4 25. Qxc3 gxh3 26. f3 Qg5+ 27. Kf1 Qg2+ 28. Ke1 Qxh2 29. Nf1 Qg1 30. Qd2 Rxf3 31. Qe2 h2 32. Qxf3 h1=Q 33. Qxh1 Qxh1 34. Nxd6 Bxd6 35. Rxd6 Rc2 36. Rd8+ Kg7 37. R8d7+ Kh6 38. R7d2 Qh4+ 39. Ke2 Qg4+ 40. Kd3 Rxa2 41. Rxa2 Qxd1+ 42. Nd2 Kg5 43. Rxa7 h5 44. b4 h4 45. b5 h3 46. b6 h2 47. b7 h1=Q 48. b8=Q Qd5+ 49. Kc3 Q1xd2# 0-1


[Site "https://www.chess.com"]

[Event "Titled Tuesday Blitz July 05 Late 2022"]
[White "Winkels, Marcel"]
[Black "Kujawski, Adam"]
[WhiteFideId "1003887"]
[BlackFideId "1100920"]
[WhiteElo "1900"]
[BlackElo "1972"]
[Result "0-1"]
[Round "11"]
[TimeControl "180+1"]
[Date "2022.07.06"]
[WhiteClock "0:00:02"]
[BlackClock "0:00:03"]

1. e4 d6 2. d4 g6 3. Nc3 Bg7 4. Be3 Nd7 5. Qd2 h6 6. f4 e6 7. Nf3 Ne7 8. Bd3 O-O 9. f5 exf5 10. Bxh6 fxe4 11. Bxg7 Kxg7 12. Nxe4 Nd5 13. O-O-O N7f6 14. h4 Bg4 15. c4 Nxe4 16. Bxe4 Nf6 17. Bd3 Qd7 18. Rde1 Rae8 19. d5 Bxf3 20. gxf3 Rh8 21. Qg5 Rh5 22. Qg3 Re7 23. f4 Qe8 24. f5 Ne4 25. Bxe4 Rxe4 26. fxg6 fxg6 27. Qc3+ Kh7 28. Rxe4 Qxe4 29. Re1 Qf4+ 30. Kb1 Re5 31. Rxe5 dxe5 32. Qb4 Qxh4 33. b3 e4 34. Qf8 Qe1+ 35. Kb2 Qd2+ 36. Ka3 e3 37. Qf7+ Kh6 38. Qf8+ Kg5 39. Qe7+ Kg4 40. Qd7+ Kg3 41. Qxc7+ Kf2 42. d6 e2 43. d7 e1=Q 44. d8=Q Qdc1+ 45. Ka4 Qee3 46. Qf8+ Ke1 47. Qh2 Qcd2 48. Qxd2+ Qxd2 49. Qe7+ Kd1 0-1


[Site "https://www.chess.com"]

[Event "Titled Tuesday Blitz July 05 Late 2022"]
[White "Zajic, Milan"]
[Black "Jaskolka, Tomasz"]
[WhiteFideId "912336"]
[BlackFideId "1170791"]
[WhiteElo "2445"]
[BlackElo "2073"]
[Result "0-1"]
[Round "11"]
[TimeControl "180+1"]
[Date "2022.07.06"]
[WhiteClock "0:00:01"]
[BlackClock "0:00:07"]

1. e4 c5 2. Nf3 e6 3. d4 cxd4 4. Nxd4 Nc6 5. Nc3 Qc7 6. f4 a6 7. Nxc6 Qxc6 8. Bd3 Nf6 9. Qe2 b5 10. e5 Nd5 11. Nxd5 exd5 12. Be3 Bb7 13. O-O-O Bc5 14. Qf2 d4 15. Bxd4 Bxd4 16. Qxd4 Qxg2 17. Rhg1 Qxh2 18. Rxg7 Bc6 19. Kb1 Rc8 20. Bf5 Kf8 21. e6 dxe6 22. Qf6 Be8 23. Be4 Qe2 24. Rxf7+ Bxf7 25. Qh6+ Ke8 26. Qh1 Qc4 27. b3 Qc7 28. f5 e5 29. f6 h5 30. Qg1 Rg8 31. Qe3 h4 32. Bf5 Rd8 33. Re1 Rg3 34. Qh6 Qc3 35. Qh8+ Rg8 36. Qxh4 Rd4 37. Rxe5+ Kd8 38. Qf2 Rd1# 0-1


[Site "https://www.chess.com"]